 Dungeon Crawl Stone Soup version 0.29-a0-1027-gcd8c55af63 (webtiles) character file.

Game seed: 17496768169061962900

259 Manisian the Sneak (level 5, -2/24 HPs)
             Began as a Spriggan Enchanter on Aug 14, 2022.
             Slain by a lemure (6 damage)
             ... led by Pikel
             ... on level 3 of the Dungeon.
             The game lasted 00:08:45 (3786 turns).

Manisian the Sneak (Spriggan Enchanter)             Turns: 3786, Time: 00:08:45

Health: -2/24      AC:  2    Str:  4    XL:     5   Next: 94%
Magic:  13/13      EV: 14    Int: 19    God:
Gold:   107        SH:  0    Dex: 15    Spells: 5/13 levels left

rFire   . . .      SeeInvis +   g - +3 dagger (drain)
rCold   . . .      Faith    .   (no shield)
rNeg    . . .      Spirit   .   b - +0 robe
rPois   .          Reflect  .   (helmet restricted)
rElec   .          Harm     .   (no cloak)
rCorr   .          Rampage  .   (gloves unavailable)
Will    .....                   (boots unavailable)
Stlth   +++.......              (no amulet)
HPRegen 0.08/turn               (no ring)
MPRegen 0.13/turn               (no ring)

@: about to teleport, grasped by roots, constricted, very quick
A: very small, no large weapons, unfitting armour, see invisible, speed 3
a: no special abilities


You were on level 3 of the Dungeon.
You visited 1 branch of the dungeon, and saw 4 of its levels.

You collected 107 gold pieces.

Inventory:

Hand Weapons
 a - a +1 dagger of protection
 d - a +0 dagger of holy wrath
 g - a +3 dagger of draining (weapon)
Missiles
 j - 3 curare-tipped darts
 k - 3 boomerangs (quivered)
Armour
 b - a +0 robe (worn)
Scrolls
 l - 2 scrolls of identify
Potions
 c - 2 potions of invisibility
 e - a potion of lignification
 f - 2 potions of curing
 h - a potion of might
 m - a potion of heal wounds
 n - a potion of attraction


   Skills:
 + Level 0.1 Fighting
 + Level 2.2 Short Blades
 - Level 3.0 Dodging
 - Level 6.0 Stealth
 + Level 4.7 Spellcasting
 + Level 4.7 Hexes
 - Level 2.0 Ice Magic


You had 5 spell levels left.
You knew the following spells:

 Your Spells              Type           Power      Damage    Failure   Level
a - Ensorcelled Hibernat  Hex/Ice        34%        N/A       4%          2
b - Confusing Touch       Hex            22%        N/A       5%          3
c - Dazzling Flash        Conj/Hex       26%        N/A       14%         3

Your spell library contained the following spells:

 Spells                   Type           Power      Damage    Failure   Level
 Tukima's Dance           Hex            22%        N/A       5%          3
 Apportation              Tloc           8%         N/A       13%         1
 Necrotise                Necr           16%        1d4       13%         1
 Summon Small Mammal      Summ           16%        N/A       13%         1


Dungeon Overview and Level Annotations

Branches:
Dungeon (4/15)
 Temple: D:4-7

Altars:
Hepliaklqana

Shops:
D:4 *

Annotations:
D:3 exclusion: downstairs, Pikel


Innate Abilities, Weirdness & Mutations

You are very small and have problems with some larger weapons.
You are too small for most types of armour.
You have supernaturally acute eyesight. (SInv)
You cover ground extremely quickly. (Speed+++)


Message History

There is a stone staircase leading down here.
Press: ? - help, . - travel You can't see that place. [the floor.]
You climb downwards.
Found 10 gold pieces.
There is a stone staircase leading up here.
You climb upwards.
Level annotation: exclusion: downstairs
There is a stone staircase leading down here.
Things that are here:
a +0 club; a goblin skeleton
There is a stone staircase leading down here.
You climb downwards.
The lemure shouts! x2
The lemure hits you. The scorpion stings you.
Pikel shouts!
The lemure shouts!
Found a scroll of brand weapon.
Found Ughink's General Store.
There is a stone staircase leading up here.
Unknown command.
The lemure barely misses you. The lemure hits you! Pikel closely misses you.
The scorpion misses you.
You climb upwards.
Level annotation: exclusion: downstairs
There is a stone staircase leading down here.
Unknown command.
You feel much better.
Pikel zaps a wand.
The roots erupt in riotous growth!
The grasping roots grab you!
The scorpion is unaffected.
The lemure is unaffected. x2; Pikel is unaffected.
The grasping roots constrict you. The lemure misses you. The lemure hits you.
The scorpion closely misses you.
Unknown command.
As you read the scroll of teleportation, it crumbles to dust.
You feel strangely unstable. The scorpion misses you.
The lemure closely misses you.
Pikel hits you with a +1 whip of flaming.
Pikel burns you. The grasping roots constrict you!
* * * LOW HITPOINT WARNING * * *
The lemure hits you.
You die...

#.# #########.
####.############...
#.......##.....##...
#.##.##.##..........
#.##.##.##..........
#.##.##.##.....##...
#.##.##.##.....##...
#.##5##.######.###..
#.s@5........#.###..
####K##.####.#......
#.##.####.######.
###.#>...).....###.
#......#.##.##.....
#.#.#.......#######
#.#..)...##.#
#.###.#####.#
#.###)#####.#


You could see Pikel, 2 lemures and a scorpion.

Vanquished Creatures
  4 orc priests (D:3)
  Jessica (D:2)
  Robin (D:2)
  An adder (D:2)
  A dart slug (D:2)
  7 orcs (D:3)
  8 bats
  3 endoplasms
  4 giant cockroaches
  13 goblins
  7 hobgoblins
  12 jackals (D:2)
  A quokka (D:2)
  7 ball pythons
  4 frilled lizards
  3 kobolds
  4 rats
81 creatures vanquished.

Notes
Turn   | Place    | Note
-------+----------+-------------------------------------------
     0 | D:1      | Manisian the Spriggan Enchanter began the quest for the
                  | Orb.
     0 | D:1      | Reached XP level 1. HP: 9/9 MP: 5/5
   166 | D:1      | Found a faded altar of an unknown god.
   243 | D:1      | Reached XP level 2. HP: 10/13 MP: 6/6
   248 | D:1      | Learned a level 2 spell: Ensorcelled Hibernation
   353 | D:1      | Reached skill level 5 in Stealth
   824 | D:2      | Reached XP level 3. HP: 16/16 MP: 2/8
  1258 | D:2      | Noticed Jessica
  1282 | D:2      | Killed Jessica
  1283 | D:2      | Reached XP level 4. HP: 21/21 MP: 4/9
  1347 | D:2      | Noticed Robin
  1367 | D:2      | Killed Robin
  1368 | D:2      | Reached skill level 1 in Ice Magic
  1561 | D:2      | Learned a level 3 spell: Confusing Touch
  1923 | D:2      | Reached skill level 6 in Stealth
  2850 | D:3      | Found a hazy altar of Hepliaklqana.
  3116 | D:3      | Reached XP level 5. HP: 24/24 MP: 4/12
  3120 | D:3      | Learned a level 3 spell: Dazzling Flash
  3667 | D:4      | Noticed a phantom
  3667 | D:4      | Noticed a phantom
  3782 | D:4      | Noticed Pikel
  3782 | D:4      | Noticed a lemure
  3782 | D:4      | Noticed a lemure
  3782 | D:4      | Noticed a lemure
  3782 | D:4      | Noticed a lemure
  3782 | D:4      | Found Ughink's General Store.
  3786 | D:3      | Slain by a lemure

Illustrated notes

Levels and vault maps discovered:
D:1:      dpeg_arrival_rhombus, layout_rooms, hellmonk_ecumenical_altar_run_dry
D:2:      layout_basic, nicolae_eternal_life, grunt_ministairs_13, uniq_jessica,
          uniq_robin
D:3:      layout_loops_cross, worldfamousw_hep_ancestral_shrine
D:4:      layout_basic, vehumet_altar_wand_db, minmay_temple_entry_overgrown,
          serial_shops, shop, serial_undead, serial_undead_d, serial_undead_d,
          serial_undead_e, serial_undead_b, uniq_pikel

Skill      XL: |  1  2  3  4  5 |
---------------+----------------+-----
Stealth        | 5 6 |  6.0
Dodging        | 3 |  3.0
Hexes          | 4 |  4.7
Spellcasting   | 3 4 |  4.7
Ice Magic      | 1 2 |  2.0
Short Blades   | 2 |  2.2
Fighting       | |  0.1

Action                   |  1- 3 |  4- 6 || total
-------------------------+-------+-------++-------
Melee: Dagger            |    55 |    64 ||   119
Throw: Boomerang         |       |     9 ||     9
 Cast: Ensorcelled Hiber |    20 |    48 ||    68
  Use: Scroll            |     5 |     6 ||    11
       Potion            |       |     1 ||     1
 Stab: Sleeping          |    22 |    38 ||    60
       Distracted        |     1 |     2 ||     3
Armor: Robe              |     9 |     5 ||    14
Dodge: Dodged            |    40 |    43 ||    83

Table legend: (Time is in decaauts)
 A = Elapsed time spent in this place.
 B = Non-inter-level travel time spent in this place.
 C = Inter-level travel time spent in this place.
 D = Time resting spent in this place.
 E = Time spent auto-exploring this place.
 F = Levels seen in this place.
 G = Mean time per level.
                   A        B        C        D        E       F      G
               +--------+--------+--------+--------+--------+-----+--------+
         Total |   2995 |   2861 |    134 |    256 |   2034 |   4 |  748.8 |
       Dungeon |   2995 |   2861 |    134 |    256 |   2034 |   4 |  748.8 |
               +--------+--------+--------+--------+--------+-----+--------+

Top non-repeatable levels by time:
     D:2: 1282 daAuts
     D:3: 1095 daAuts
     D:1: 611 daAuts
     D:4: 5 daAuts
